 Dungeon Crawl Stone Soup version 0.29-a0-993-g4a18f31a58 (webtiles) character file.

Game seed: 14698683956399002184

246847 Sobieck the Imperceptible (level 19, 111/111 HPs)
             Began as a Vine Stalker Brigand on Aug 1, 2022.
             Was the Champion of Trog.
             Got out of the dungeon
             ... with 1 rune on Aug 2, 2022!
             The game lasted 01:35:48 (30344 turns).

Sobieck the Imperceptible (Vine Stalker Brigand)   Turns: 30344, Time: 01:35:49

Health: 111/111    AC: 29    Str: 14    XL:     19   Next: 97%
Magic:  20/20      EV: 15    Int: 16    God:    Trog [******]
Gold:   2110       SH: 21    Dex: 39    Spells: 18/18 levels left

rFire   + . .      SeeInvis +   a - +9 quick blade (venom) {shortrare=g}
rCold   + + .      Faith    .   t - +3 kite shield {AC+3}
rNeg    . . .      Spirit   +   Z - +8 chain mail of Least Resistance {rF+}
rPois   +          Reflect  .   f - +2 helmet of Dyspraxia {Int+2 Dex+4}
rElec   .          Harm     .   c - scarf {repulsion}
rCorr   .          Rampage  .   w - +1 pair of gloves {Dex+3}
Will    ++...                   A - +0 pair of boots "Tigh" {rPois Int+3 Dex+4}
Stlth   ++++++....              W - amulet of Ihaxkuo {Spirit +Inv rPois rC++ Regen+}
HPRegen 1.88/turn               R - ring of see invisible
MPRegen 0.17/turn               V - +6 ring of dexterity

@: repel missiles
A: fangs 3, regeneration 1, magic shield, antimagic bite, no potion heal 2, weak
1, subdued magic 1
}: 1/15 runes: gossamer
a: Renounce Religion, Evoke Invisibility, Berserk, Trog's Hand, Brothers in Arms


You escaped.
You worshipped Trog.
Trog was exalted by your worship.
You visited 5 branches of the dungeon, and saw 28 of its levels.
You also visited: Gauntlet, Ice Cave and Volcano.

You collected 2699 gold pieces.
You spent 589 gold pieces at shops.


Innate Abilities, Weirdness & Mutations

You have razor-sharp teeth.
Your natural rate of healing is unusually fast.
When hurt, damage is shared between your health and your magic reserves.
Your bite disrupts and absorbs the magic of your enemies.
Potions cannot restore your health.
You are weak. (Str -2)
Your spells are a little easier to cast, but a little less powerful.


   Skills:
 + Level 16.7 Fighting
 - Level 12.0 Short Blades
 - Level 2.0 Throwing
 + Level 8.6 Armour
 + Level 10.3 Dodging
 + Level 22.1 Stealth
 - Level 14.0 Shields


You had 18 spell levels left.
You didn't know any spells.
Your spell library contained the following spells:

 Spells                   Type           Power      Damage    Failure   Level
 Freeze                   Ice            0%         1d3       100%        1
 Necrotise                Necr           0%         1d4       100%        1
 Blink                    Tloc           0%         N/A       100%        2
 Sublimation of Blood     Necr           0%         N/A       100%        2
 Wereblood                Tmut           0%         N/A       100%        2
 Confusing Touch          Hex            0%         N/A       100%        3
 Conjure Flame            Conj/Fire      0%         6-21      100%        3
 Frozen Ramparts          Ice            0%         1d8       100%        3
 Ignite Poison            Fire/Tmut/Pois 0%         N/A       100%        3
 Lesser Beckoning         Tloc           0%         N/A       100%        3
 Mephitic Cloud           Conj/Pois/Air  0%         N/A       100%        3
 Summon Guardian Golem    Hex/Summ       0%         N/A       100%        3
 Vampiric Draining        Necr           0%         2d6       100%        3
 Hailstorm                Conj/Ice       0%         3d3       100%        4
 Petrify                  Tmut/Erth      0%         N/A       100%        4
 Sticky Flame             Conj/Fire      0%         2d3       100%        4
 Agony                    Necr           0%         N/A       100%        5
 Freezing Cloud           Conj/Ice/Air   0%         6-21      100%        5
 Irradiate                Conj/Tmut      0%         3d11      100%        5
 Manifold Assault         Tloc           0%         N/A       100%        5
 Yara's Violent Unravell  Hex/Tmut       0%         3d3       100%        5
 Enfeeble                 Hex            0%         N/A       100%        7
 Orb of Destruction       Conj           0%         9d5       100%        7
 Spellforged Servitor     Conj/Summ      0%         N/A       100%        7
 Storm Form               Tmut/Air       0%         N/A       100%        7
 Summon Hydra             Summ           0%         N/A       100%        7

Inventory:

Hand Weapons
 a - a +9 quick blade of venom (weapon) {shortrare=g}
   (You acquired it on level 14 of the Dungeon)
 b - the +9 sling of the Coward {venom, rElec rPois rCorr Int-3}
   (You found it on level 5 of the Lair of Beasts)

   Any ammunition fired from it poisons the flesh of those it strikes.
   Int:       It affects your intelligence (-3).
   rElec:     It insulates you from electricity.
   rPois:     It protects you from poison.
   rCorr:     It protects you from acid and corrosion.
 S - a +4 rapier of electrocution {short}
   (You took it off Nikola on level 4 of the Spider Nest)
Missiles
 d - 43 poisoned darts {throwing}
 y - a silver boomerang {throwing}
 G - 11 boomerangs (quivered) {throwing}
 J - 29 javelins {throwing}
 K - 5 throwing nets {=f!fthrowing}
Armour
 c - a scarf of repulsion (worn)
   (You found it on level 4 of the Spider Nest)
 e - a +2 cloak of preservation
   (You took it off Nikola on level 4 of the Spider Nest)
 f - the +2 helmet of Dyspraxia (worn) {Int+2 Dex+4}
   (You found it in a Gauntlet)

   Int:       It affects your intelligence (+2).
   Dex:       It affects your dexterity (+4).
 t - a +3 kite shield of protection (worn)
   (You took it off a minotaur in a Gauntlet)
 w - a +1 pair of gloves of dexterity (worn)
   (You took it off Nikola on level 4 of the Spider Nest)
 A - the +0 pair of boots "Tigh" (worn) {rPois Int+3 Dex+4}
   (You bought it in a shop on level 2 of the Orcish Mines)

   Int:       It affects your intelligence (+3).
   Dex:       It affects your dexterity (+4).
   rPois:     It protects you from poison.
 Z - the +8 chain mail of Least Resistance (worn) {rF+}
   (You took it off an orc on level 5 of the Dungeon)

   rF:        It protects you from fire.
Jewellery
 l - a ring of protection from fire
   (You found it on level 4 of the Spider Nest)
 D - a ring of ice
   (You took it off Fannar on level 10 of the Dungeon)
 O - the ring of the Messenger {Fire Int+4 Dex+3}
   (You found it on level 5 of the Lair of Beasts)

   [ring of fire]

   It enhances your fire magic.
   Int:       It affects your intelligence (+4).
   Dex:       It affects your dexterity (+3).
   rF:        It protects you from fire.
   rC:        It makes you vulnerable to cold.
 R - a ring of see invisible (left hand)
   (You bought it in a shop on level 5 of the Dungeon)
 V - a +6 ring of dexterity (right hand)
   (You found it on level 12 of the Dungeon)
 W - the amulet of Ihaxkuo (around neck) {Spirit +Inv rPois rC++ Regen+}
   (You found it on level 4 of the Lair of Beasts)

   [amulet of guardian spirit]

   It causes incoming damage to be divided between your reserves of health and
   magic.
   rC:        It greatly protects you from cold.
   rPois:     It protects you from poison.
   +Inv:      It lets you turn invisible.
   Regen:     It increases your rate of health regeneration.
Wands
 z - a wand of paralysis (24)
   (You found it on level 11 of the Dungeon)
 B - a wand of roots (17)
   (You found it on level 12 of the Dungeon)
 N - a wand of flame (20)
   (You found it on level 6 of the Dungeon)
 U - a wand of acid (15)
   (You found it on level 5 of the Dungeon)
Scrolls
 g - 6 scrolls of poison {!r}
 h - 4 scrolls of summoning
 m - 8 scrolls of identify {@r1}
 n - 2 scrolls of enchant weapon
 q - a scroll of silence {!r}
 r - 10 scrolls of teleportation {@r4}
 s - 8 scrolls of noise {!r}
 v - 3 scrolls of fear
 M - 2 scrolls of fog
 Q - 7 scrolls of blinking {!r}
 T - 7 scrolls of magic mapping {!r}
Potions
 i - 5 potions of haste {@q3}
 j - 5 potions of mutation {!q}
 k - 7 potions of lignification {!q}
 o - 6 potions of attraction {!q}
 p - 15 potions of curing {@q1}
 u - 5 potions of berserk rage {!q}
 x - a potion of invisibility
 C - 7 potions of flight
 E - 3 potions of cancellation
 F - a potion of resistance
 P - 4 potions of might
 X - 5 potions of magic
 Y - 10 potions of ambrosia
Miscellaneous
 H - a phial of floods
   (You found it in a Gauntlet)
 I - a condenser vane
   (You found it on level 13 of the Dungeon)
 L - a box of beasts
   (You found it on level 1 of the Orcish Mines)

Dungeon Overview and Level Annotations

Branches:
Dungeon (15/15) Zot: 24894  Temple (0/1) D:7            Lair (5/5) D:10 Zot: 25464
 Shoals (0/4) Lair:2       Spider (4/4) Lair:3 Zot: 19789   Slime (0/5) Lair:4
    Orc (2/2) D:9 Zot: 10362     Elf (0/3) Orc:2        Vaults (2/5) D:14 Zot: 10436
 Depths (0/4) D:15          IceCv (visited)         Volcano (visited)
Gauntlet (visited)
  Crypt: Vaults:2-3

Altars:
Ashenzari
Cheibriados
Dithmenos
Fedhas
Gozag
Okawaru
Qazlal
Trog
Uskayaw
Vehumet
Xom
Yredelemnul
Zin
The Shining One
Jiyva

Shops:
D:5 =   D:6 (!   D:9 [   Orc:1 (:((:   Orc:2 (:[*

Annotations:
D:6 3 runed translucent doors, dang3rdave's ghost, novice GrTm
D:8 1 runed translucent door, Spectrina's ghost, novice DjAM
D:9 1 runed translucent door, Yogidamonk's ghost, novice MiFi
Lair:4 exclusion: 3 oklob plants
Lair:5 exclusion: obsidian statue
Spider:3 2 transporters, exclusion: orange crystal statue, Arachne; mandarbmax's ghost, adept NaAr

...#....#.#....#.#....#.#....#.#.
♣..#.####.####.#.#.####.####.#.#.
♣#.#...........#.#...........#.#.
##.#############.#############.##
...............................÷.
####.#.##....#.#######.###......#
####+..##.####.# #...........
##...P###.####.### ######.....)#
#..♣PPP.......#@####># #..###.#
##..♣P.........##....## ##.# #.#
#...♣♣PP.#.###.###..#.# #.# #.#
#.P♣♣♣.P...###.# #....# ♣.♣#♣.♣
#..♣ ♣♣♣.##....# #...## #......
...♣♣ ♣P.##.######..## ♣.♣.♣.♣
....♣♣.#.##....#.....######......
...#####.#####.##.....##..♣.♣.♣.♣
...#.........#.#......##.........


There were no monsters in sight!


Message History

Unknown command.
You see here a lindwurm corpse.
An ironbound thunderhulk comes into view.
It is wielding a +0 dire flail.
The ironbound thunderhulk moves out of view.
Unknown command.
There is an open door here.
There is a stone staircase leading up here.
You climb upwards.
There is a stone staircase leading down here.
Unknown command.
Unknown command.
(D) Dungeon (T) Temple (L) Lair (A) Shoals (N) Spider Nest (M) Slime Pits (O) Orcish Mines (E) Elven Halls (V) Vaults (U) Depths
Where to? (Enter - Vaults:2 @ (x,y), ? - help)
What level of the Dungeon? (default 14, ? - help)
There is an open door here.
There is an open door here.
There is an open door here.
There is a gate leading back out of this place here.
You go up through the gate.
Welcome back to the Dungeon!
There is a gate to the Vaults here.
There is a stone staircase leading up here.
You climb upwards.
There is a stone staircase leading down here.
There is a stone staircase leading up here.
You climb upwards.
There is a stone staircase leading down here.
There is a stone staircase leading up here.
You climb upwards.
There is a stone staircase leading down here.
Things that are here:
a +0 robe; a +0 dagger {short}
There is an open door here.
There is a stone staircase leading up here.
You climb upwards.
There is a stone staircase leading down here.
You see here a +0 shortbow {bow}.
There is a stone staircase leading up here.
You climb upwards.
Level annotation: 1 runed translucent door, Yogidamonk's ghost, novice MiFi
There is a stone staircase leading down here.
There is a stone staircase leading up here.
You climb upwards.
Level annotation: 1 runed translucent door, Spectrina's ghost, novice DjAM
There is a stone staircase leading down here.
There is a stone staircase leading up here.
You climb upwards.
There is a stone staircase leading down here.
There is a stone staircase leading up here.
You climb upwards.
Level annotation: 3 runed translucent doors, dang3rdave's ghost, novice GrTm
There is a stone staircase leading down here.
There is a stone staircase leading up here.
You climb upwards.
There is a stone staircase leading down here.
There is an open door here.
There is a stormy altar of Qazlal here.
There is an open door here.
There is a stone staircase leading up here.
You climb upwards.
There is a stone staircase leading down here.
There is a stone staircase leading up here.
You climb upwards.
There is a stone staircase leading down here.
There is a stone staircase leading up here.
You climb upwards.
There is a stone staircase leading down here.
A hobgoblin comes into view.
Danger!
Unknown command.
There is a stone staircase leading down here.
No target in view!
No target in view!
Danger!
You see here a +0 dagger {short}.
The hobgoblin shouts!
You block the hobgoblin's attack.
You hit the hobgoblin. You puncture the hobgoblin!
You kill the hobgoblin!
Trog accepts your kill.
C - 7 potions of flight (gained 1)
Q - 7 scrolls of blinking {!r} (gained 1)
You now have 2110 gold pieces (gained 9).
You see here a +0 leather armour.
Unknown command.
(D) Dungeon (T) Temple (L) Lair (A) Shoals (N) Spider Nest (M) Slime Pits (O) Orcish Mines (E) Elven Halls (V) Vaults (U) Depths
Where to? (Enter - D:1, ? - help)
What level of the Dungeon? (default 1, ? - help)
You see here a +0 dagger {short}.
There is a stone staircase leading up here.
You climb upwards.
There is a stone staircase leading down here.
You see here a +0 dagger {short}.
There is a staircase leading out of the dungeon here.
Are you sure you want to leave the Dungeon?
This will make you lose the game!
You have escaped!

Skill      XL: |  1  2  3  4  5  6  7  8  9 10 11 12 13 14 15 16 17 18 19 |
---------------+----------------------------------------------------------+-----
Dodging        | 1 2 3 4 7 8 9 10 | 10.3
Stealth        | 5 6 7 9 12 14 17 18 20 22 | 22.1
Fighting       | 2 3 4 5 7 9 12 14 15 16 | 16.7
Short Blades   | 2 3 4 6 8 10 12 | 12.0
Throwing       | 2 |  2.0
Armour         | 2 4 6 7 8 |  8.6
Shields        | 5 6 12 14 | 14.0

Action                   |  1- 3 |  4- 6 |  7- 9 | 10-12 | 13-15 | 16-18 | 19-21 || total
-------------------------+-------+-------+-------+-------+-------+-------+-------++-------
Melee: Dagger            |   112 |   135 |     7 |       |       |       |       ||   254
       Bite              |    28 |    35 |    81 |   265 |   670 |  1192 |   421 ||  2692
       Short sword       |       |       |   225 |   654 |   618 |       |       ||  1497
       Punch             |       |       |     2 |    13 |    25 |       |       ||    40
       Quick blade       |       |       |       |       |   734 |  2092 |   672 ||  3498
 Fire: Sling             |       |       |       |       |       |     8 |     8 ||    16
Throw: Dart              |       |       |       |     1 |     5 |       |       ||     6
       Boomerang         |       |       |       |       |     5 |     4 |       ||     9
Invok: Berserk           |       |     2 |     7 |    12 |    12 |     6 |     5 ||    44
       Brothers in Arms  |       |       |       |       |     1 |       |       ||     1
Evoke: Wand              |       |       |       |    15 |       |       |       ||    15
  Use: Scroll            |       |       |    13 |    11 |    17 |     1 |     1 ||    43
       Potion            |       |       |       |     1 |     1 |     1 |       ||     3
 Stab: Sleeping          |    14 |    10 |     7 |       |    20 |    20 |    20 ||    91
       Distracted        |       |       |     1 |     1 |     3 |     3 |       ||     8
Armor: Robe              |    29 |    37 |    19 |       |       |       |       ||    85
       Chain mail        |       |       |   107 |   366 |   606 |   572 |   172 ||  1823
Dodge: Dodged            |    66 |    67 |   115 |   200 |   464 |   414 |   163 ||  1489
       Repelled          |       |       |       |       |       |       |     2 ||     2
Block: Kite shield       |       |       |       |       |     3 |  1202 |   408 ||  1613

Levels and vault maps discovered:
D:1:      minmay_arrival_jagged, layout_basic, serial_forest,
          infiniplex_forest_corner_1, infiniplex_forest_lined_2,
          infiniplex_forest_clump_small, infiniplex_forest_lined_room_3,
          infiniplex_forest_end_3, infiniplex_forest_clump_medium,
          infiniplex_forest_straight_5, roderic_lattice_a,
          minmay_misc_feat_ornament, minmay_pentomino_z2
D:2:      minmay_inner_zag, layout_basic, basic_altar
D:3:      layout_loops_ring, xom_redecorated, trog_wizard,
          ebering_ecumenical_altar_sacrificial, uniq_sigmund,
          uniq_crazy_yiuf_cottage, uniq_terence
D:4:      layout_rooms
D:5:      kennysheep_big_flooded_room, layout_loops_ring,
          fedhas_bush_and_centaur_altar, nicolae_uskayaw_en_pointe,
          kennysheep_mini, general_overflow_altar, serial_shops,
          nicolae_shop_stone, kennysheep_generic_room_15, uniq_duvessa
D:6:      layout_rooms, nicolae_yredelemnul_ghost_church, serial_shops,
          nicolae_square_shop, nicolae_shop_bloodbath_and_beyond, uniq_eustachio
D:7:      layout_rooms, mainiacjoe_overflow_boulevard,
          minmay_temple_entry_crystal_x, uniq_pikel
D:8:      layout_gridville, gammafunk_ghost_grave
D:9:      layout_small_grid, erik_orc_2, serial_shops, shop, ebering_ghost_xom,
          hangedman_decor_opposing
D:10:     layout_layer_cave, nicolae_overflow_hidden_temple,
          gammafunk_temple_overflow_claw, minmay_lair_entry_grove, centaur_isle,
          uniq_grum, uniq_fannar
D:11:     layout_stronghold, portal_ice_cave_entry_imps,
          okawaru_metal_pillars_1_2, uniq_nergalle
D:12:     layout_irregular_city, uniq_kirke, uniq_psyche, uniq_rupert
D:13:     minmay_guarded_unrand_guard, layout_basic, drop_trap,
          grunt_dithmenos_smoke_and_mirrors
D:14:     layout_roguey, david_vaults_3, grunt_livestock
D:15:     hangedman_depths_entry_civil_slaughter, layout_basic,
          serial_co_window_serial, co_window_paths_a,
          co_window_of_opportunity_a, co_window_corner_a, co_window_paths_a,
          co_window_of_opportunity_a, co_window_paths_b,
          co_window_of_opportunity_a, co_window_of_opportunity_a,
          co_window_paths_b, co_window_of_opportunity_c, co_window_corner_cb,
          co_window_corner_b, co_window_of_opportunity_b, co_window_corner_b,
          co_window_broadway_a, co_window_of_opportunity_b, glass_columns_c,
          glass_columns_a, glass_columns_b, glass_columns_c, glass_columns_a
Lair:1:   layout_chaotic_city, enter_volcano_2, infiniplex_staircase_pool_2,
          uniq_harold
Lair:2:   layout_roguey [special_room_bee], elwin_shoals_entry_stream,
          grunt_megastairs_5
Lair:3:   layout_chaotic_city, spider_nest_entry_funnel_web, st_stairs_10,
          grunt_forest_small_clearing_treed
Lair:4:   layout_loops_ring, minmay_slime_entry_oklob_enclosed,
          gauntlet_entry_generic, grunt_forest_stairs_basic, lemuel_fruit_fields
Lair:5:   due_jungle_book, layout_concentric_octagons
Spider:1: layout_spider_delve
Spider:2: nicolae_spider_corner
Spider:3: layout_spider_delve, nzn_ghost_randoct, nicolae_spider_paper_wasps
Spider:4: guppyfry_spider_rune, uniq_mara, uniq_nikola
Orc:1:    layout_caves, serial_shops, nicolae_shop_statue_plus,
          nicolae_shop_advertising_works [nicolae_subvault_shop_adworks], shop,
          shop, basic_altar, ebering_ghost_inner_flame, guppyfry_orc_lava_fort
Orc:2:    grunt_orc_gardens, layout_caves, grunt_orc_garden, grunt_orc_garden,
          grunt_orc_garden, grunt_orc_garden, nicolae_orc_damp_corner,
          minmay_orc_temple_a
Vaults:1: portal_desolation_entry_nicolae_nacl, ontoclasm_vaults_shuriken,
          st_lines, hangedman_vaults_variations, grunt_vaults_trifunnel,
          nicolae_vaults_big_ls, v_pattern_2, nicolae_vaults_diagonal_hallway_6,
          nicolae_vaults_little_squares_5, ontoclasm_vaults_ring_square,
          hangedman_vaults_nails, nicolae_vaults_mini_display_case,
          vaults_room_octagon, hangedman_vaults_impose,
          vaults_dpeg_emergency_exit, layout_vaults_omnibox
Vaults:2: nicolae_vaults_minivaults, vaults_dpeg_spiral, hangedman_vaults_maws,
          vaults_room_door_hall, grunt_vaults_swirl, v_rooms_4,
          nicolae_vaults_windows_and_doors_thing, nicolae_vaults_angled_halls,
          nicolae_vaults_alarming, vaults_dpeg_ring, layout_vaults_chaotic_city,
          serial_shops, shop_statue

Notes
Turn   | Place    | Note
-------+----------+-------------------------------------------
     0 | D:1      | Sobieck the Vine Stalker Brigand began the quest for the
                  | Orb.
     0 | D:1      | Reached XP level 1. HP: 11/11 MP: 2/2
   156 | D:1      | Reached skill level 1 in Dodging
   156 | D:1      | Reached XP level 2. HP: 7/15 MP: 1/3
   318 | D:1      | You pick up a book of Alchemy and begin reading...
   318 | D:1      | You add the spells Sublimation of Blood, Petrify and
                  | Irradiate to your library.
   343 | D:1      | You pick up a book of Frost and begin reading...
   343 | D:1      | You add the spells Freeze, Frozen Ramparts and Hailstorm to
                  | your library.
   425 | D:1      | Reached skill level 5 in Stealth
   464 | D:1      | Reached skill level 2 in Fighting
   528 | D:1      | Reached skill level 2 in Short Blades
   528 | D:1      | Reached skill level 2 in Throwing
   728 | D:1      | You add the spells Conjure Flame, Ignite Poison and Sticky
                  | Flame to your library.
  1355 | D:2      | Reached XP level 3. HP: 18/18 MP: 4/4
  1471 | D:2      | Found a bloodstained altar of Trog.
  1617 | D:2      | Became a worshipper of Trog the Wrathful
  1950 | D:2      | Gained mutation: Your natural rate of healing is unusually
                  | fast. [Vine Stalker growth]
  1950 | D:2      | Reached XP level 4. HP: 11/23 MP: 1/5
  1953 | D:2      | You pick up a book of Dangerous Friends {forbidden} and
                  | begin reading...
  1953 | D:2      | You add the spells Summon Guardian Golem, Orb of
                  | Destruction and Spellforged Servitor to your library.
  2275 | D:3      | Reached * piety under Trog
  2396 | D:3      | Noticed Sigmund
  2417 | D:3      | Killed Sigmund
  2418 | D:3      | Reached skill level 3 in Fighting
  2418 | D:3      | Reached skill level 3 in Short Blades
  2418 | D:3      | Reached skill level 2 in Dodging
  2418 | D:3      | Reached skill level 6 in Stealth
  2418 | D:3      | Reached XP level 5. HP: 28/28 MP: 6/6
  2418 | D:3      | Reached XP level 6. HP: 32/32 MP: 7/7
  2603 | D:3      | Noticed Terence
  2609 | D:3      | Killed Terence
  2798 | D:3      | Found a shimmering altar of Xom.
  2800 | D:3      | Found a shimmering altar of Xom.
  2801 | D:3      | Found a shimmering altar of Xom.
  2989 | D:3      | Found a faded altar of an unknown god.
  3044 | D:3      | Found a runed translucent door.
  3045 | D:3      | Noticed Crazy Yiuf
  3091 | D:3      | Found a bloodstained altar of Trog.
  3093 | D:3      | Noticed a wizard
  3098 | D:3      | Killed a wizard
  3211 | D:3      | Killed Crazy Yiuf
  3515 | D:4      | Reached XP level 7. HP: 36/36 MP: 8/8
  3791 | D:5      | Entered Level 5 of the Dungeon
  3801 | D:5      | Reached skill level 3 in Dodging
  3855 | D:5      | Found an iron altar of Okawaru.
  3875 | D:5      | Reached skill level 7 in Stealth
  3876 | D:5      | Reached skill level 4 in Fighting
  3909 | D:5      | Reached skill level 4 in Short Blades
  3909 | D:5      | Noticed Dowan
  3910 | D:5      | Noticed Duvessa
  3916 | D:5      | Killed Duvessa
  3921 | D:5      | Killed Dowan
  3950 | D:5      | Noticed a +0 spear
  3950 | D:5      | Noticed a +0 dagger
  3951 | D:5      | Noticed a +0 falchion
  3951 | D:5      | Noticed a +0 falchion
  3951 | D:5      | Noticed a +0 short sword
  3953 | D:5      | Noticed a +0 spear
  3953 | D:5      | Noticed a +0 short sword
  3954 | D:5      | Noticed a +0 dagger
  3971 | D:5      | Found a hide-covered altar of Uskayaw.
  4141 | D:5      | Found a stormy altar of Qazlal.
  4165 | D:5      | Found Fanigg's Jewellery Boutique.
  4173 | D:5      | Bought a ring of see invisible for 150 gold pieces
  4255 | D:5      | Identified the +7 mace of Interdependent Arising {vorpal,
                  | +Blink Int+2}
  4411 | D:5      | Found a blossoming altar of Fedhas.
  4440 | D:5      | Gained mutation: You have razor-sharp teeth. [Vine Stalker
                  | growth]
  4440 | D:5      | Reached XP level 8. HP: 22/42 MP: 5/9
  4514 | D:5      | Noticed a komodo dragon
  4531 | D:5      | Killed a komodo dragon
  4532 | D:5      | Reached skill level 5 in Fighting
  4532 | D:5      | Reached skill level 5 in Short Blades
  4532 | D:5      | Reached skill level 8 in Stealth
  4589 | D:5      | Identified the +8 chain mail of Least Resistance {rF+}
  4724 | D:6      | Reached skill level 9 in Stealth
  4773 | D:6      | Found Tuofae's Distillery.
  4793 | D:6      | Reached skill level 6 in Short Blades
  4797 | D:6      | Reached ** piety under Trog
  4830 | D:6      | Noticed Eustachio
  4842 | D:6      | Killed Eustachio
  4843 | D:6      | Reached XP level 9. HP: 47/47 MP: 10/10
  4846 | D:6      | Reached skill level 10 in Stealth
  4931 | D:6      | Found a runed translucent gate.
  4931 | D:6      | Found a runed translucent gate.
  4931 | D:6      | Found a runed translucent gate.
  4931 | D:6      | Noticed dang3rdave's ghost (novice GrTm)
  4933 | D:6      | Found a basalt altar of Yredelemnul.
  5168 | D:6      | Found Wusafec's Weapon Shoppe.
  5175 | D:6      | Reached skill level 7 in Short Blades
  5193 | D:6      | Bought a +0 rapier for 56 gold pieces
  5398 | D:7      | Noticed Pikel
  5440 | D:7      | Killed Pikel
  5441 | D:7      | Reached skill level 11 in Stealth
  5608 | D:7      | Reached *** piety under Trog
  5609 | D:7      | Reached skill level 8 in Short Blades
  5666 | D:7      | Identified the +9 short sword "Conservator" {vorpal, rF+
                  | rC+}
  5748 | D:7      | Reached skill level 12 in Stealth
  5748 | D:7      | Reached XP level 10. HP: 51/51 MP: 11/11
  5749 | D:7      | Found a staircase to the Ecumenical Temple.
  5771 | D:7      | Reached skill level 9 in Short Blades
  5809 | D:7      | Found a glowing golden altar of the Shining One.
  5948 | D:7      | Identified the +1 robe of the Six Tables {rF+}
  6034 | D:8      | Found a runed translucent door.
  6043 | D:8      | Noticed Spectrina's ghost (novice DjAM)
  6130 | D:8      | Reached skill level 10 in Short Blades
  6248 | D:8      | Noticed a two-headed ogre
  6258 | D:8      | Killed a two-headed ogre
  6259 | D:8      | Reached skill level 1 in Armour
  6606 | D:9      | Found Mufov's Antique Armour Boutique.
  6614 | D:9      | Bought a pair of boots for 108 gold pieces
  6650 | D:9      | Found a runed translucent door.
  6650 | D:9      | Found a shimmering altar of Xom.
  6650 | D:9      | Noticed Yogidamonk's ghost (novice MiFi)
  6650 | D:9      | Noticed a +1 halberd of chaos
  6786 | D:9      | Reached skill level 2 in Armour
  6814 | D:9      | Reached **** piety under Trog
  6862 | D:9      | Reached XP level 11. HP: 46/56 MP: 10/12
  6876 | D:9      | Reached skill level 6 in Fighting
  6876 | D:9      | Reached skill level 11 in Short Blades
  6989 | D:9      | You pick up a book of Necromancy {forbidden} and begin
                  | reading...
  6989 | D:9      | You add the spells Necrotise, Vampiric Draining and Agony
                  | to your library.
  7161 | D:9      | Noticed a white ugly thing
  7172 | D:9      | Reached skill level 3 in Armour
  7174 | D:9      | Killed a white ugly thing
  7372 | D:9      | Found a staircase to the Orcish Mines.
  7489 | D:10     | Entered Level 10 of the Dungeon
  7545 | D:9      | Reached skill level 4 in Armour
  7604 | D:9      | Reached skill level 12 in Short Blades
  7653 | D:10     | Noticed Fannar
  7670 | D:10     | Killed Fannar
  7803 | D:10     | Found a broken altar of Ashenzari.
  7803 | D:10     | Found an opulent altar of Gozag.
  7803 | D:10     | Found a snail-covered altar of Cheibriados.
  7861 | D:10     | Found a staircase to the Lair.
  7867 | D:10     | Noticed Grum
  7893 | D:10     | Killed Grum
  7958 | D:10     | Found a glowing silver altar of Zin.
  7958 | D:10     | Found a radiant altar of Vehumet.
  8186 | D:10     | Reached skill level 4 in Dodging
  8346 | D:10     | Reached ***** piety under Trog
  8406 | D:10     | Reached skill level 7 in Fighting
  8406 | D:10     | Reached XP level 12. HP: 57/63 MP: 10/13
  8428 | D:10     | You pick up a book of Spatial Translocations {forbidden}
                  | and begin reading...
  8428 | D:10     | You add the spells Blink, Lesser Beckoning and Manifold
                  | Assault to your library.
  9004 | D:11     | Noticed Nergalle
  9012 | D:11     | Killed Nergalle
  9013 | D:11     | Reached skill level 13 in Stealth
  9168 | D:11     | Found an iron altar of Okawaru.
  9378 | D:11     | Noticed a two-headed ogre
  9403 | D:11     | Reached skill level 5 in Dodging
  9408 | D:11     | Killed a two-headed ogre
  9769 | D:11     | Found a frozen archway.
  9773 | D:11     | Noticed a two-headed ogre
  9792 | D:11     | Killed a two-headed ogre
  9815 | IceCv    | Entered an ice cave
  9884 | IceCv    | Reached skill level 8 in Fighting
  9891 | IceCv    | Reached skill level 14 in Stealth
  9995 | IceCv    | HP: 22/96 [enormous slime creature (7)]
  9999 | IceCv    | Reached skill level 6 in Dodging
 10080 | IceCv    | Noticed a quicksilver ooze
 10098 | IceCv    | HP: 11/65 [acid (24)]
 10099 | IceCv    | HP: 4/65 [acid (8)]
 10398 | D:12     | Noticed Kirke
 10408 | D:12     | Killed Kirke
 10812 | D:12     | Reached skill level 9 in Fighting
 10842 | D:12     | Noticed Psyche
 10864 | D:12     | Killed Psyche
 10868 | D:12     | Reached skill level 7 in Dodging
 10874 | D:12     | HP: 16/66 [slime creature (7)]
 10880 | D:12     | Reached XP level 13. HP: 10/70 MP: 14/14
 10989 | D:12     | Noticed Rupert
 10995 | D:12     | Killed Rupert
 10995 | D:12     | Received a gift from Trog
 11231 | D:13     | Noticed an ettin
 11244 | D:13     | Reached skill level 10 in Fighting
 11244 | D:13     | Reached skill level 8 in Dodging
 11244 | D:13     | Noticed a storm dragon
 11257 | D:13     | Killed an ettin
 11276 | D:13     | HP: 4/108 [storm dragon/bolt of lightning (29)]
 11277 | D:13     | Killed a storm dragon
 11406 | D:13     | Noticed a great orb of eyes
 11406 | D:13     | an alligator changed into a great orb of eyes
 11417 | D:12     | Reached skill level 11 in Fighting
 11933 | D:13     | Reached skill level 12 in Fighting
 12178 | D:13     | Found a shadowy altar of Dithmenos.
 12263 | D:13     | +0 storm dragon scales {rare}; a +0 arbalest {crossbow}
 12263 | D:13     | +0 storm dragon scales {rare}; a +0 arbalest {crossbow}
 12263 | D:13     | Could not pick up +0 storm dragon scales {rare} here;
                  | ([A]lways) ignore it?
 12264 | D:13     | L - +0 storm dragon scales {rare}
 12265 | D:13     | Found the +5 glaive of the Guard {elec, spectral, AC+5}
 12412 | D:13     | Reached XP level 14. HP: 60/81 MP: 11/15
 12419 | D:13     | Reached skill level 13 in Fighting
 12492 | D:14     | Noticed Urug
 12492 | D:14     | Found a gate to the Vaults.
 12600 | D:13     | Killed Urug
 12803 | D:14     | Received a gift from Trog
 12901 | D:14     | Reached skill level 15 in Stealth
 13355 | D:14     | Reached skill level 14 in Fighting
 13465 | D:15     | Entered Level 15 of the Dungeon
 13575 | D:15     | Reached skill level 16 in Stealth
 13654 | D:15     | Paralysed by an orc sorcerer for 2 turns
 13842 | D:15     | Reached skill level 17 in Stealth
 14280 | D:14     | Identified a scroll of acquirement
 14280 | D:14     | Acquired a +6 quick blade
 14281 | D:14     | i - a +6 quick blade {shortrare=g}
 14309 | D:15     | your +6 quick blade {shortrare=g} glows red for a moment.
 14310 | D:15     | your +7 quick blade {shortrare=g} glows red for a moment.
 14311 | D:15     | your +8 quick blade {shortrare=g} glows red for a moment.
 14312 | D:15     | i - a +9 quick blade (weapon) {shortrare=g}
 14313 | D:15     | i - a +9 quick blade (weapon) {shortrare=g}
 14313 | D:15     | a - a +9 quick blade (weapon) {shortrare=g}
 14566 | D:15     | Found a staircase to the Depths.
 14644 | D:15     | Reached XP level 15. HP: 83/88 MP: 16/16
 15172 | Lair:1   | Entered Level 1 of the Lair of Beasts
 15323 | Lair:1   | Found a dark tunnel.
 15324 | Lair:1   | You pick up a book of Blood {forbidden} and begin
                  | reading...
 15324 | Lair:1   | You add the spells Wereblood and Summon Hydra to your
                  | library.
 15333 | Volcano  | Entered a volcano
 15387 | Volcano  | Received a gift from Trog
 15453 | Volcano  | Reached skill level 5 in Armour
 16011 | Lair:1   | Noticed Harold
 16016 | Lair:1   | Killed Harold
 16217 | Lair:1   | Identified the +0 robe of the Squeaky Jabberwock {rC++ rN+
                  | Will+}
 16339 | Lair:2   | You add the spells Mephitic Cloud and Freezing Cloud to
                  | your library.
 16571 | Lair:2   | You pick up a book of Spatial Translocations {forbidden}
                  | and begin reading...
 16593 | Lair:2   | Found a staircase to the Shoals.
 16642 | Lair:2   | Reached skill level 9 in Dodging
 16952 | Lair:2   | Received a gift from Trog
 17009 | Lair:2   | Reached skill level 18 in Stealth
 17408 | Lair:3   | You pick up a book of Blood {forbidden} and begin
                  | reading...
 17423 | Lair:3   | Reached skill level 6 in Armour
 17909 | Lair:3   | Found a hole to the Spider Nest.
 18208 | Lair:4   | Found a gate leading to a gauntlet.
 18223 | Gauntlet | Entered a Gauntlet
 18223 | Gauntlet | Found a transporter.
 18223 | Gauntlet | Found a transporter.
 18231 | Gauntlet | Found a transporter.
 18235 | Gauntlet | Found a transporter.
 18244 | Gauntlet | Found a transporter.
 18248 | Gauntlet | Found a transporter.
 18256 | Gauntlet | Found a transporter.
 18274 | Gauntlet | Found a transporter.
 18279 | Gauntlet | Found a transporter.
 18307 | Gauntlet | Found a transporter.
 18311 | Gauntlet | Found a transporter.
 18446 | Gauntlet | Identified the +2 helmet of Dyspraxia {Int+2 Dex+4}
 18462 | Gauntlet | Found a transporter.
 18551 | Gauntlet | your +9 quick blade {shortrare=g} drips with poison.
 18551 | Gauntlet | a - a +9 quick blade of venom (weapon) {shortrare=g}
 18556 | Gauntlet | Identified the -2 helmet of Buroe {Will+}
 18802 | Lair:4   | Identified the amulet of Ihaxkuo {Spirit +Inv rPois rC++
                  | Regen+}
 19102 | Lair:4   | Found a viscous altar of Jiyva.
 19287 | Lair:4   | Identified a potion of experience
 19288 | Lair:4   | Reached skill level 5 in Shields
 19288 | Lair:4   | Reached XP level 16. HP: 93/93 MP: 17/17
 19471 | Lair:5   | Entered Level 5 of the Lair of Beasts
 19684 | Lair:5   | Reached skill level 6 in Shields
 19703 | Lair:5   | Reached ****** piety under Trog
 19714 | Lair:5   | Received a gift from Trog
 19787 | Lair:5   | Identified the ring of the Messenger {Fire Int+4 Dex+3}
 19826 | Lair:5   | Reached XP level 17. HP: 98/98 MP: 18/18
 19902 | Lair:5   | Reached skill level 7 in Shields
 20391 | Lair:5   | Identified the +9 sling of the Coward {venom, rElec rPois
                  | rCorr Int-3}
 20440 | Lair:5   | your +9 quick blade of venom {shortrare=g} stops dripping
                  | with poison.
 20446 | Lair:5   | your +9 quick blade of venom {shortrare=g} begins to drip
                  | with poison!
 20446 | Lair:5   | a - a +9 quick blade of venom (weapon) {shortrare=g}
 20462 | Lair:5   | Reached skill level 8 in Shields
 20706 | Lair:5   | Reached skill level 9 in Shields
 21104 | Orc:1    | Entered Level 1 of the Orcish Mines
 21117 | Orc:1    | Found Kiddodgh Fyto's Weapon Shoppe.
 21120 | Orc:1    | Found Sustatac's Book Shoppe.
 21242 | Orc:1    | Found a runed translucent door.
 21244 | Orc:1    | Noticed Newt's ghost (journeyman DrTm)
 21301 | Orc:1    | Killed Newt's ghost
 21315 | Orc:1    | You drop +0 storm dragon scales {rare}.
 21333 | Orc:2    | Entered Level 2 of the Orcish Mines
 21358 | Orc:2    | Found Uqaled's General Store.
 21544 | Orc:2    | Found Limiogaxti's Book Emporium.
 21578 | Orc:2    | Reached skill level 10 in Shields
 21769 | Orc:2    | Found a staircase to the Elven Halls.
 21774 | Orc:2    | Found Jerph's Antique Weapon Shoppe.
 21826 | Orc:2    | Found Plog's Antique Armour Shop.
 21877 | Orc:2    | Received a gift from Trog
 21942 | Orc:2    | Bought a pair of polished boots for 275 gold pieces
 21942 | Orc:2    | Identified the +0 pair of boots "Tigh" {rPois Int+3 Dex+4}
                  | (You bought it in a shop on level 2 of the Orcish Mines)
 22451 | Orc:1    | Found Neretwet's Weapon Boutique.
 22578 | Orc:1    | Found Buptam's Book Emporium.
 22587 | Orc:1    | Reached skill level 11 in Shields
 22595 | Orc:1    | Found Cokoes's Weapon Boutique.
 22853 | Orc:1    | Gained mutation: Your spells are a little easier to cast,
                  | but a little less powerful. [a neqoxec]
 23168 | Spider:1 | Entered Level 1 of the Spider Nest
 23184 | Spider:1 | Reached skill level 12 in Shields
 23213 | Spider:1 | Reached skill level 15 in Fighting
 23595 | Spider:1 | Paralysed by a jorogumo for 1 turns
 23728 | Spider:1 | Received a gift from Trog
 23950 | Spider:2 | You pick up a book of Misfortune {forbidden} and begin
                  | reading...
 23950 | Spider:2 | You add the spells Confusing Touch, Yara's Violent
                  | Unravelling and Enfeeble to your library.
 24158 | Spider:1 | Reached XP level 18. HP: 48/104 MP: 13/19
 24170 | Spider:1 | Gained mutation: You are weak. (Str -2) [mutagenic glow]
 24241 | Spider:2 | Reached skill level 7 in Armour
 24687 | Spider:2 | Reached skill level 19 in Stealth
 24977 | Spider:2 | Reached skill level 13 in Shields
 25085 | Spider:3 | Received a gift from Trog
 25184 | Spider:3 | Found a transporter.
 25404 | Spider:3 | Identified the ring of Wyxuobo {rN+ Dex+6 Slay+2}
 25404 | Spider:3 | Noticed Arachne
 25408 | Spider:3 | Hit: a) +9 quick blade (venom) {shortrare=g}
 25408 | Spider:3 | Hit: a) +9 quick blade (venom) {shortrare=g}
 25408 | Spider:3 | Hit: a) +9 quick blade (venom) {shortrare=g}
 25408 | Spider:3 | Hit: a) +9 quick blade (venom) {shortrare=g}
 25410 | Spider:3 | Noticed mandarbmax's ghost (adept NaAr)
 25559 | Spider:3 | Found a transporter.
 26079 | Spider:4 | Entered Level 4 of the Spider Nest
 26217 | Spider:4 | Received a gift from Trog
 26568 | Spider:4 | Reached skill level 14 in Shields
 26831 | Spider:4 | Reached skill level 20 in Stealth
 26909 | Spider:4 | Reached skill level 16 in Fighting
 27125 | Spider:4 | Upgraded the game from 0.29-a0-982-gaed3a0c8d8 to
                  | 0.29-a0-993-g4a18f31a58
 27125 | Spider:4 | your +9 quick blade of venom {shortrare=g} stops dripping
                  | with poison.
 27140 | Spider:4 | your +9 quick blade of venom {shortrare=g} begins to drip
                  | with poison!
 27140 | Spider:4 | a - a +9 quick blade of venom (weapon) {shortrare=g}
 27189 | Spider:4 | your +9 quick blade of venom {shortrare=g} stops dripping
                  | with poison.
 27205 | Spider:4 | Reached XP level 19. HP: 109/109 MP: 20/20
 27211 | Spider:4 | your +9 quick blade of venom {shortrare=g} begins to drip
                  | with poison!
 27211 | Spider:4 | a - a +9 quick blade of venom (weapon) {shortrare=g}
 27213 | Spider:4 | your +9 quick blade of venom {shortrare=g} stops dripping
                  | with poison.
 27237 | Spider:4 | your +9 quick blade of venom {shortrare=g} begins to drip
                  | with poison!
 27237 | Spider:4 | a - a +9 quick blade of venom (weapon) {shortrare=g}
 27249 | Spider:4 | your +9 quick blade of venom {shortrare=g} stops dripping
                  | with poison.
 27267 | Spider:4 | your +9 quick blade of venom {shortrare=g} begins to drip
                  | with poison!
 27267 | Spider:4 | a - a +9 quick blade of venom (weapon) {shortrare=g}
 27395 | Spider:4 | Got a gossamer rune of Zot
 27443 | Spider:4 | Found the +3 hat of Pondering {ponderous, Will+ MP+10
                  | Int+5}
 27568 | Spider:4 | Noticed Mara
 27579 | Spider:4 | Reached skill level 21 in Stealth
 27589 | Spider:4 | Noticed Sobieck's illusion
 27592 | Spider:4 | Killed Mara
 27607 | Spider:4 | Received a gift from Trog
 27768 | Spider:4 | Noticed Nikola
 27803 | Spider:4 | Killed Nikola
 28160 | Vaults:1 | Entered Level 1 of the Vaults
 28360 | Vaults:1 | your +9 quick blade of venom {shortrare=g} stops dripping
                  | with poison.
 28362 | Vaults:1 | your +9 quick blade of venom {shortrare=g} begins to drip
                  | with poison!
 28362 | Vaults:1 | a - a +9 quick blade of venom (weapon) {shortrare=g}
 28715 | Vaults:1 | Reached skill level 8 in Armour
 28844 | Vaults:1 | Received a gift from Trog
 29299 | Vaults:1 | Reached skill level 10 in Dodging
 29657 | Vaults:1 | Reached skill level 22 in Stealth
 30344 | D:$      | Got out of the dungeon!

Vanquished Creatures
  Mara (Spider:4)
  Nikola (Spider:4)
  Kirke (D:12)
  A storm dragon (D:13)
  A vault warden (Vaults:1)
  A frost giant (Vaults:1)
  2 orc warlords
  5 emperor scorpions
  A very ugly thing (Vaults:1)
  7 ghost moths
  3 ironbound preservers
  2 broodmothers (Spider:4)
  2 ironbound thunderhulks (Vaults:1)
  A stone giant (Vaults:1)
  10 dire elephants
  A minotaur (Gauntlet)
  2 spark wasps
  5 entropy weavers
  A fire dragon (D:15)
  2 ettins
  Fannar (D:10)
  A servant of whispers (Vaults:1)
  3 yaktaur captains (Vaults:1)
  2 great orbs of eyes (Vaults:1)
  A vault guard (Vaults:1)
  8 boulder beetles
  2 jorogumos (Spider:1)
  Harold (Lair:1)
  5 ironbound frosthearts (Vaults:1)
  3 ogre magi (Orc:1)
  14 centaur warriors
  2 catoblepae
  6 hydras
  The ghost of Newt the Grappler, a journeyman DrTm of Ru (Orc:1)
  A death knight (D:13)
  3 radroaches
  4 death yaks (Lair:5)
  7 two-headed ogres
  A tengu warrior (D:15)
  6 orc high priests
  A deep troll earth mage (D:13)
  Urug (D:13)
  Nergalle (D:11)
  2 sun moths (Spider:4)
  9 pharaoh ants
  A skeletal warrior (D:12)
  A sea snake (shapeshifter) (D:12)
  A spectral anaconda (Lair:5)
  13 lindwurms
  14 deep trolls
  7 steelbarb worms
  A glowing orange brain (Vaults:1)
  14 orb spiders
  3 wizards
  5 necromancers
  A deep elf archer (Volcano)
  18 orc knights
  A phantasmal warrior (D:13)
  5 ironbound convokers (Vaults:1)
  Pikel (D:7)
  15 wolf spiders
  9 ugly things
  8 deep elf pyromancers
  8 orc sorcerers
  6 cyclopes
  A manticore (D:15)
  An elephant (shapeshifter) (Gauntlet)
  A cyclops (shapeshifter) (Gauntlet)
  A rust devil (Gauntlet)
  2 black mambas
  17 elephants
  3 moths of wrath
  2 merfolk sirens (Lair:2)
  A guardian serpent (shapeshifter) (D:13)
  3 torpor snails
  A dire elephant zombie (Lair:5)
  9 cane toads
  7 vault sentinels (Vaults:1)
  Psyche (D:12)
  An ice statue (IceCv)
  A cane toad (shapeshifter) (Gauntlet)
  3 gargoyles
  An unseen horror (D:11)
  3 yaktaurs
  14 demonic crawlers
  2 dire elephant skeletons (Lair:5)
  An efreet (D:12)
  A kobold demonologist (D:11)
  A rime drake (Lair:2)
  10 komodo dragons
  A freezing wraith (D:12)
  A queen bee (Lair:2)
  4 meliai
  An entropy weaver simulacrum (IceCv)
  10 trolls
  2 merfolk (Lair:2)
  A wolf spider simulacrum (D:13)
  5 hornets
  2 saltlings (Vaults:1)
  24 tarantellas
  A polar bear (Lair:5)
  2 spectral elephants (Lair:5)
  A meliai (shapeshifter) (D:15)
  28 slime creatures
  4 blink frogs (Lair:3)
  5 dream sheep (Lair:5)
  25 jumping spiders
  Sigmund (D:3)
  18 culicivoras
  3 shadows
  4 wyverns
  4 vampires
  A culicivora (shapeshifter) (D:15)
  A ynoxinul (Gauntlet)
  A yak (shapeshifter) (D:14)
  60 yaks
  2 wraiths
  3 fire elementals (Volcano)
  17 humans
  2 steam dragons
  Eustachio (D:6)
  51 redbacks
  2 basilisks
  Grum (D:10)
  2 death yak simulacra (Lair:5)
  A spectral cane toad (Lair:5)
  6 wargs
  3 vampire mosquitoes (D:11)
  An acid dragon (D:12)
  A demonic crawler simulacrum (IceCv)
  Duvessa (D:5)
  6 hell hounds (Volcano)
  17 water moccasins
  41 orc warriors
  An ice beast (D:6)
  2 sky beasts
  An ugly thing simulacrum (IceCv)
  4 ogres
  24 centaurs
  20 wolves
  An elephant skeleton (Lair:5)
  A lemure (D:7)
  A kobold brigand (D:7)
  4 bullfrogs
  3 scorpions
  3 glowing shapeshifter simulacra (IceCv)
  A gnoll sergeant (D:12)
  A necrophage (D:4)
  Dowan (D:5)
  2 elephant simulacra (Lair:5)
  30 killer bees
  2 electric eels (D:9)
  A howler monkey (D:6)
  2 centaur zombies (D:6)
  18 orc priests
  2 hounds
  A jelly (D:6)
  Crazy Yiuf (D:3)
  6 iguanas
  3 iron imps (Gauntlet)
  Terence (D:3)
  16 orc wizards
  5 gnolls (D:12)
  A gnoll (shapeshifter) (Gauntlet)
  3 adders
  A shadow imp (D:7)
  15 white imps
  2 ufetubi
  4 worms
  2 dart slugs
  74 orcs
  8 endoplasms
  3 giant cockroaches
  6 goblins
  10 hobgoblins
  4 jackals
  15 kobolds
  3 quokkas
  12 ball pythons
  9 bats
  2 frilled lizards (D:2)
  7 rats
  A butterfly (Lair:4)
1064 creatures vanquished.

Vanquished Creatures (collateral kills)
  Rupert (D:12)
1 creature vanquished.

Vanquished Creatures (others)
  An entropy weaver (Spider:4)
  A wizard (D:3)
  A culicivora (Spider:1)
  2 humans (D:12)
  A redback (Spider:4)
  An orc wizard (D:15)
  A demonic plant (Gauntlet)
  8 fungi
  20 plants
  22 withered plants
58 creatures vanquished.

Grand Total: 1123 creatures vanquished

Table legend:
 A = Non-vault XP
 B = Vault XP
 C = Vault XP percentage of total XP
 D = Non-vault monster count
 E = Vault monster count
 F = Vault count percentage of total count
                 A         B        C        D         E       F
            +---------+---------+-------+---------+---------+-------
      Total |  171568 |  174549 |  50.4 |     647 |     419 |  39.3
            +---------+---------+-------+---------+---------+-------
        D:1 |      30 |       1 |   3.2 |      20 |       1 |   4.8
        D:2 |      47 |      10 |  17.5 |      24 |       5 |  17.2
        D:3 |      88 |     315 |  78.2 |      21 |       3 |  12.5
        D:4 |     142 |       0 |   0.0 |      13 |       0 |   0.0
        D:5 |     479 |     865 |  64.4 |      16 |       6 |  27.3
        D:6 |    1022 |     288 |  22.0 |      18 |       3 |  14.3
        D:7 |    1751 |     617 |  26.1 |      28 |       1 |   3.4
        D:8 |    2300 |       0 |   0.0 |      23 |       0 |   0.0
        D:9 |    2133 |    1527 |  41.7 |      13 |      25 |  65.8
       D:10 |    3500 |    3512 |  50.1 |      16 |      19 |  54.3
       D:11 |    4109 |     892 |  17.8 |      24 |      13 |  35.1
       D:12 |    7585 |    5649 |  42.7 |      25 |       6 |  19.4
       D:13 |    8388 |   10938 |  56.6 |      19 |      25 |  56.8
       D:14 |   10746 |    2628 |  19.7 |      24 |      10 |  29.4
       D:15 |   11538 |    4267 |  27.0 |      28 |       6 |  17.6
     Lair:1 |    1913 |     857 |  30.9 |       5 |       1 |  16.7
     Lair:2 |    7624 |    6035 |  44.2 |      30 |      36 |  54.5
     Lair:3 |    3795 |    1407 |  27.0 |      15 |       6 |  28.6
     Lair:4 |    1393 |       0 |   0.0 |       4 |       0 |   0.0
     Lair:5 |   10315 |   14854 |  59.0 |      38 |      33 |  46.5
   Spider:1 |   14255 |       0 |   0.0 |      43 |       0 |   0.0
   Spider:2 |    5557 |   16715 |  75.0 |      16 |      34 |  68.0
   Spider:3 |   17737 |    3014 |  14.5 |      43 |       5 |  10.4
   Spider:4 |   20448 |   25865 |  55.8 |      47 |      34 |  42.0
      Orc:1 |    3615 |    9982 |  73.4 |      32 |      17 |  34.7
      Orc:2 |    4352 |   11507 |  72.6 |      27 |      37 |  57.8
   Vaults:1 |   21172 |   38649 |  64.6 |      27 |      49 |  64.5
   Vaults:2 |    5266 |       0 |   0.0 |       7 |       0 |   0.0
      IceCv |     268 |    3628 |  93.1 |       1 |      13 |  92.9
    Volcano |       0 |    6272 | 100.0 |       0 |      17 | 100.0
   Gauntlet |       0 |    4255 | 100.0 |       0 |      14 | 100.0
            +---------+---------+-------+---------+---------+-------

Illustrated notes

Table legend:
 A = Kills in this place as a percentage of kills in entire the game.
 B = Kills by you in this place as a percentage of kills by you in the entire game.
 C = Kills by friends in this place as a percentage of kills by friends in the entire game.
 D = Other kills in this place as a percentage of other kills in the entire game.
 E = Experience gained in this place as a percentage of experience gained in the entire game.
 F = Experience gained in this place divided by the number of levels of this place that you have seen.
                   A       B       C       D       E      F
               +-------+-------+-------+-------+-------+----------------------
         Total | 100.0 | 100.0 | 100.0 | 100.0 | 100.0 | 11165.1
       Dungeon |  40.8 |  40.8 | 100.0 |  33.3 |  24.7 | 5691.1
          Lair |  15.8 |  15.8 |   0.0 |   0.0 |  13.9 | 9638.6
   Spider Nest |  20.8 |  20.7 |   0.0 |  66.7 |  29.9 | 25897.8
  Orcish Mines |  10.6 |  10.6 |   0.0 |   0.0 |   8.5 | 14728.0
        Vaults |   7.8 |   7.8 |   0.0 |   0.0 |  18.8 | 32543.5
      Ice Cave |   1.3 |   1.3 |   0.0 |   0.0 |   1.1 | 3896.0
       Volcano |   1.6 |   1.6 |   0.0 |   0.0 |   1.8 | 6272.0
      Gauntlet |   1.3 |   1.3 |   0.0 |   0.0 |   1.2 | 4255.0
               +-------+-------+-------+-------+-------+----------------------

Table legend: (Time is in decaauts)
 A = Elapsed time spent in this place.
 B = Non-inter-level travel time spent in this place.
 C = Inter-level travel time spent in this place.
 D = Time resting spent in this place.
 E = Time spent auto-exploring this place.
 F = Levels seen in this place.
 G = Mean time per level.
                   A        B        C        D        E       F      G
               +--------+--------+--------+--------+--------+-----+--------+
         Total |  27968 |  26051 |   1917 |   2720 |  16846 |  31 |  902.2 |
       Dungeon |  14812 |  13591 |   1221 |   1151 |   9580 |  15 |  987.5 |
          Lair |   4535 |   4218 |    317 |    257 |   3155 |   5 |  907.0 |
   Spider Nest |   4210 |   4029 |    181 |    602 |   2154 |   4 | 1052.5 |
  Orcish Mines |   1638 |   1512 |    126 |    126 |    853 |   2 |  819.0 |
        Vaults |   1563 |   1492 |     71 |    132 |    933 |   2 |  781.5 |
      Ice Cave |    365 |    365 |      0 |    208 |      9 |   1 |  365.0 |
       Volcano |    375 |    375 |      0 |    174 |     15 |   1 |  375.0 |
      Gauntlet |    467 |    467 |      0 |     66 |    145 |   1 |  467.0 |
               +--------+--------+--------+--------+--------+-----+--------+

Top non-repeatable levels by time:
Spider:4: 1587 daAuts
    D:10: 1507 daAuts
Vaults:1: 1497 daAuts
    D:15: 1484 daAuts
     D:1: 1378 daAuts
  Lair:5: 1284 daAuts
    D:13: 1099 daAuts
    D:12: 1095 daAuts
    D:11: 1031 daAuts
     D:9: 1025 daAuts
     D:3: 1018 daAuts
     D:2: 989 daAuts
     D:5: 955 daAuts
Spider:2: 948 daAuts
Spider:3: 942 daAuts
